 Dungeon Crawl Stone Soup version 0.19.5 (webtiles) character file.

86 doot the Skirmisher (level 4, -3/36 HPs)
             Began as a Demonspawn Abyssal Knight on May 6, 2017.
             Was a Believer of Lugonu.
             Killed from afar by an orc wizard (8 damage)
             ... with a puff of flame
             ... on level 3 of the Dungeon.
             The game lasted 00:04:48 (2271 turns).

doot the Skirmisher (Demonspawn Abyssal Knight)     Turns: 2271, Time: 00:04:48

Health: -3/36      AC:  3    Str: 12    XL:     4   Next: 26%
Magic:  6/6        EV:  6    Int: 14    God:    Lugonu [**....]
Gold:   51         SH: 10    Dex: 13    Spells: 0 memorised, 3 levels left

rFire  . . .     SeeInvis .     a - +1 hand axe
rCold  . . .     Gourm    .     b - +0 leather armour
rNeg   . . .     Faith    .     i - +0 large shield
rPois  .         Spirit   .     (no helmet)
rElec  .         Reflect  .     (no cloak)
rCorr  .         Harm     .     (no gloves)
MR     .....                    (no boots)
Stlth  +.........               (no amulet)
                                (no ring)
                                (no ring)

@: very slightly contaminated, hasted, very quick
A: powered by pain 1
a: Depart the Abyss, Bend Space, Renounce Religion


You were on level 3 of the Dungeon.
You worshipped Lugonu.
Lugonu was pleased with you.
You were near starving.

You visited 1 branch of the dungeon, and saw 3 of its levels.
You visited the Abyss 1 time.

You collected 51 gold pieces.

Inventory:

Hand Weapons
 a - a +1 hand axe (weapon)
Armour
 b - a +0 leather armour (worn)
 i - a +0 large shield (worn)
Jewellery
 g - an uncursed ring of resist corrosion {unknown}
Scrolls
 e - 4 scrolls of identify {unknown}
 j - a scroll of noise {unknown}
Potions
 d - a potion of beneficial mutation {unknown}
 h - 2 potions of haste
Comestibles
 c - 2 bread rations
 f - 3 meat rations


   Skills:
 + Level 3.6 Fighting
 + Level 2.8 Axes
 + Level 2.2 Armour
 + Level 1.3 Dodging
 + Level 0.4 Stealth
 + Level 0.5 Shields
 + Level 2.7 Invocations


You had 3 spell levels left.
You didn't know any spells.

Dungeon Overview and Level Annotations

Branches:
Dungeon (3/15)

Altars:

Annotations:
D:3 Sigmund


Innate Abilities, Weirdness & Mutations

You sometimes gain a little power by taking damage.


Message History

Things that are here:
a mace; a war axe; an orc corpse
Things that are here:
a hand axe; a dagger; an orc corpse You block something's attack.
You miss something. Something hits you but does no damage.
You hit something. You closely miss something.
You hear some strange, mumbled words.
Something tries to affect you, but you resist.
You hit something but do no damage.
You hear some strange, mumbled words.
A puff of flame appears from out of thin air!
The puff of flame hits you!
* * * LOW HITPOINT WARNING * * *
You hit something but do no damage.
You hear some strange, mumbled words.
A puff of flame appears from out of thin air!
The puff of flame hits you!
You die...

#.#..............
#.####..##.....
#.####..##..# #
#........?.#.# .#
######..#.###.#
#.## #...##
#.#...#### #..##
##........ #...##
##)#.....##
#..#.###@###.##.#
#..#..#{## .#
#........# #
##.#..####
####.#..###
##.##.#....#
######.#.#.#.####
.......##......#
.#.#.#.#.#.###.#


There were no monsters in sight!

Vanquished Creatures
  An adder (D:2)
  3 oozes
  2 dart slugs
  3 leopard geckos
  4 orcs (D:3)
  3 ball pythons
  A giant cockroach (D:1)
  7 goblins
  6 hobgoblins
  4 jackals (D:2)
  6 bats
  A frilled lizard (D:2)
  6 kobolds
  6 rats
53 creatures vanquished.

Notes
Turn   | Place    | Note
-------+----------+-------------------------------------------
     0 | Abyss:1  | doot the Demonspawn Abyssal Knight began the quest for the Orb.
     0 | Abyss:1  | Reached XP level 1. HP: 18/18 MP: 2/2
    15 | Abyss:1  | Found a corrupted altar of Lugonu.
    45 | Abyss:1  | Noticed a small abomination
    49 | D:1      | Escaped the Abyss
   199 | D:1      | Gained mutation: You sometimes gain a little power by taking damage. [demonic ancestry]
   199 | D:1      | Reached XP level 2. HP: 15/24 MP: 3/3
   396 | D:1      | Reached skill level 1 in Dodging
   666 | D:1      | Reached ** piety under Lugonu
   666 | D:1      | Reached XP level 3. HP: 29/29 MP: 5/5
  1921 | D:3      | Reached XP level 4. HP: 25/35 MP: 6/6
  1923 | D:3      | Noticed Sigmund
  2104 | D:3      | Found a faded altar of an unknown god.
  2271 | D:3      | Killed from afar by an orc wizard

Skill      XL: |  1  2 |
---------------+-------+-----
Armour         | 2 |  2.2
Dodging        | 1 |  1.3
Axes           | 2 |  2.8
Fighting       | |  3.6
Stealth        | |  0.4
Shields        | |  0.5
Invocations    | |  2.7

Action                   |  1- 3 |  4- 6 || total
-------------------------+-------+-------++-------
Melee: Hand axe          |   162 |    31 ||   193
  Use: Potion            |       |     1 ||     1
 Stab: Sleeping          |     2 |       ||     2
  Eat: Chunk             |     3 |       ||     3
Armor: Leather armour    |    61 |    32 ||    93
Dodge: Dodged            |    87 |    13 ||   100
Block: Large shield      |    48 |    36 ||    84
